 Dungeon Crawl Stone Soup version 0.24.0-125-gc4c63601f3 (webtiles) character file.

Game seed: 1587975833693605978, levelgen mode: deterministic

44 shakethe the Skirmisher (level 3, -1/29 HPs)
             Began as a Demonspawn Gladiator on Mar 17, 2020.
             Slain by a gnoll
             ... wielding a +0 whip
              (2 damage)
             ... on level 2 of the Dungeon.
             The game lasted 00:04:21 (1051 turns).

shakethe the Skirmisher (Demonspawn Gladiator)      Turns: 1051, Time: 00:04:22

Health: -1/29      AC: 11    Str: 15    XL:     3   Next: 41%
Magic:  3/3        EV:  8    Int:  9    God:
Gold:   75         SH:  0    Dex: 19    Spells: 2/2 levels left

rFire    . . .     SeeInvis .   a - +0 long sword
rCold    . . .     Gourm    .   (no shield)
rNeg     . . .     Faith    .   e - +0 plate armour
rPois    .         Spirit   .   c - +0 helmet
rElec    .         Reflect  .   (no cloak)
rCorr    .         Harm     .   (no gloves)
MR       .....                  (no boots)
Stlth    ..........             (no amulet)
HPRegen  0.09/turn              g - -4 ring of evasion (curse)
MPRegen  0.08/turn              i - ring of attention (curse)

@: agile
A: powered by pain 1, sturdy frame 1
a: no special abilities


You were on level 2 of the Dungeon.
You were hungry.

You visited 1 branch of the dungeon, and saw 2 of its levels.

You collected 75 gold pieces.

Inventory:

Hand Weapons
 a - a +0 long sword (weapon)
Armour
 c - a +0 helmet (worn)
 e - a +0 plate armour (worn)
Jewellery
 g - a cursed -4 ring of evasion (left hand)
 i - a cursed ring of attention (right hand)
Scrolls
 h - a scroll of magic mapping {unknown}
 o - a scroll of amnesia {unknown}
 p - a scroll of enchant armour {unknown}
 q - a scroll of identify {unknown}
Potions
 k - a potion of haste
Comestibles
 f - 5 rations


   Skills:
 * Level 3.1 Fighting
 + Level 3.1 Long Blades
 - Level 1.7 Throwing
 + Level 1.1 Armour
 - Level 2.6 Dodging


You had 2 spell levels left.
You didn't know any spells.
Your spell library was empty.

Dungeon Overview and Level Annotations

Branches:
Dungeon (2/15)

Altars:


Innate Abilities, Weirdness & Mutations

You sometimes gain a little power by taking damage.
Your movements are slightly less encumbered by armour. (ER -2)


Message History

Aim: a gnoll, wielding a +0 halberd You throw a throwing net.
The throwing net barely misses the gnoll.
The gnoll completely misses you. The gnoll hits you with a +0 halberd!
* * * LOW HITPOINT WARNING * * *
You slash the gnoll!
The gnoll is severely wounded.
The gnoll closely misses you.
You are feeling hungry.
You hit the gnoll.
You kill the gnoll!
You hit the gnoll.
The gnoll is lightly wounded.
The gnoll closely misses you.
You riposte.
You barely miss the gnoll.
The gnoll is lightly wounded.
You slash the gnoll!
The gnoll is severely wounded.
The gnoll hits you with a +0 whip.
You die...

#.#......####..#..
#......#.......#.#
##...#..#.###..##.# #
#.......#.<....(#.#.#
#.#####....#..#.#.#.#
#....##....#.##.....#
####.##.##.....##.#
#.##.####.#.##.#
#....# ##.#.@g(#
####.# #..###### #.#
#.## #.# #.# #.# #.#
#.# #.# #.# ..# #.#
.## #.# .


You could see a gnoll.

Vanquished Creatures
  2 gnolls (D:2)
  A dart slug (D:1)
  2 leopard geckos (D:1)
  A giant cockroach (D:1)
  A goblin (D:1)
  2 hobgoblins (D:1)
  3 jackals (D:1)
  2 bats (D:1)
  A frilled lizard (D:1)
  4 kobolds (D:1)
  3 rats (D:1)
22 creatures vanquished.

Notes
Turn   | Place    | Note
-------+----------+-------------------------------------------
     0 | D:1      | shakethe the Demonspawn Gladiator began the quest for the
                  | Orb.
     0 | D:1      | Reached XP level 1. HP: 16/16 MP: 1/1
   116 | D:1      | Gained mutation: Your movements are slightly less
                  | encumbered by armour. (ER -2) [demonic ancestry]
   116 | D:1      | Reached XP level 2. HP: 9/23 MP: 2/2
   993 | D:2      | Reached skill level 1 in Armour
   993 | D:2      | Gained mutation: You sometimes gain a little power by
                  | taking damage. [demonic ancestry]
   993 | D:2      | Reached XP level 3. HP: 29/29 MP: 3/3
  1047 | D:2      | HP: 1/29 [gnoll/+0 halberd (10)]
  1051 | D:2      | Slain by a gnoll

Levels and vault maps discovered:
D:1:      dpeg_arrival_arbitrary_c, layout_loops_ring
D:2:      kennysheep_the_goblin_king, layout_basic, serial_forest,
          infiniplex_forest_lined_room_3, infiniplex_forest_lined_3,
          infiniplex_forest_end_2, infiniplex_forest_zigzag_1

Skill      XL: |  1  2 |
---------------+-------+-----
Long Blades    | 3 |  3.1
Fighting       | 3 |  3.1
Armour         | 1 |  1.1
Throwing       | |  1.7
Dodging        | |  2.6

Action                   || total
-------------------------++-------
Melee: Long sword        ||    84
Throw: Throwing net      ||     3
  Use: Scroll            ||     1
       Potion            ||     6
Armor: Plate armour      ||   101
       Skin              ||    28
Dodge: Dodged            ||    15
       Rpst.: Long sword ||     5
